 Dungeon Crawl Stone Soup version 0.28.0-53-g5a82cb258f (webtiles) character file.

Game seed: 11062275376546862997

31 joshe the Conjurer (level 3, 0/19 HPs)
             Began as a Deep Elf Conjurer on May 30, 2022.
             Killed by divine providence
             ... invoked by an orc priest
              (15 damage)
             ... on level 2 of the Dungeon.
             The game lasted 00:06:45 (1354 turns).

joshe the Conjurer (Deep Elf Conjurer)              Turns: 1354, Time: 00:06:45

Health: 0/19       AC:  2    Str:  4    XL:     3   Next: 7%
Magic:  9/9        EV: 12    Int: 24    God:
Gold:   67         SH:  0    Dex: 13    Spells: 5/8 levels left

rFire   . . .      SeeInvis .   c - staff of cold
rCold   + . .      Faith    .   (no shield)
rNeg    . . .      Spirit   .   a - +0 robe
rPois   .          Reflect  .   (no helmet)
rElec   .          Harm     .   (no cloak)
rCorr   .          Rampage  .   (no gloves)
Will    .....                   (no boots)
Stlth   ++........              (no amulet)
HPRegen 0.06/turn               (no ring)
MPRegen 0.11/turn               (no ring)

@: no status effects
A: no striking features
a: no special abilities


You were on level 2 of the Dungeon.
You visited 1 branch of the dungeon, and saw 2 of its levels.

You collected 67 gold pieces.

Inventory:

Hand Weapons
 g - a +0 spear of venom
Missiles
 e - 2 poisoned darts
Armour
 a - a +0 robe (worn)
Magical Staves
 c - a staff of cold (weapon)
Scrolls
 f - a scroll of blinking {unknown}
Potions
 b - a potion of degeneration {unknown}
 d - a potion of attraction {unknown}


   Skills:
 - Level 3.0 Dodging
 - Level 3.0 Stealth
 - Level 3.0 Spellcasting
 + Level 5.1 Conjurations


You had 5 spell levels left.
You knew the following spells:

 Your Spells              Type           Power      Damage    Failure   Level
a - Magic Dart            Conj           100%       1d8       1%          1
b - Searing Ray           Conj           56%        2d6       1%          2

Your spell library contained the following spells:

 Spells                   Type           Power      Damage    Failure   Level
 Dazzling Flash           Conj/Hex       30%        N/A       12%         3
 Fulminant Prism          Conj/Hex       7%         3d7       36%         4
 Iskenderun's Mystic Bla  Conj/Tloc      15%        2d5       36%         4


Dungeon Overview and Level Annotations

Branches:
Dungeon (2/15)

Altars:


Message History

The adder is severely wounded.
Casting: Magic Dart (safe; 1% risk of failure)
Confirm with . or Enter, or press ? or * to list all spells.
Aiming: Searing Ray (safe; 2% risk of failure)
Press: ? - help, Shift-Dir - straight line, f/p - adder
Aim: an adder (severely wounded, 66% to hit)
The searing ray hits the adder!
You kill the adder! (Press . to maintain the ray.)
Your Conjurations skill increases to level 5!
You have reached level 3!
Your experience leads to an increase in your attributes!
Increase (S)trength, (I)ntelligence, or (D)exterity?
You feel clever. x2
Okay, then.
Unknown command.
You start resting.
Magic restored.
You see here an adder corpse.
Things that are here:
a +0 whip; a +0 ring mail A ball python comes into view.
The magic dart hits the ball python.
You kill the ball python!
You start resting.
Magic restored.
An orc wizard comes into view. It is wielding a +0 dagger.
An orc priest comes into view. It is wielding a +0 dagger.
The orc priest shouts!
You hear a shout!
The orc wizard casts a spell at you. The puff of flame hits you.
An orc comes into view. It is wielding a +0 hand axe.
Things that are here:
a +0 whip; a +0 ring mail You see here an adder corpse.
There is a stone staircase leading up here.
The orc priest calls down the wrath of Beogh upon you.
Beogh smites you!
Ouch! That really hurt!
You die...

..##.#
.# #o#
.# #.#
#.#
#o#
#.#
#.#
#.#
#@#
###


You could see an orc priest and an orc wizard.

Vanquished Creatures
  An adder (D:2)
  A dart slug (D:1)
  An orc (D:2)
  A bat (D:1)
  2 endoplasms (D:1)
  A kobold (D:1)
  3 ball pythons
  10 frilled lizards (D:1)
  2 rats (D:1)
22 creatures vanquished.

Vanquished Creatures (others)
  5 plants (D:1)
5 creatures vanquished.

Grand Total: 27 creatures vanquished

Notes
Turn   | Place    | Note
-------+----------+-------------------------------------------
     0 | D:1      | joshe the Deep Elf Conjurer began the quest for the Orb.
     0 | D:1      | Reached XP level 1. HP: 10/10 MP: 6/6
   247 | D:1      | Reached XP level 2. HP: 15/15 MP: 6/8
   250 | D:1      | Learned a level 2 spell: Searing Ray
   687 | D:1      | Found a faded altar of an unknown god.
  1258 | D:2      | Reached skill level 5 in Conjurations
  1258 | D:2      | Reached XP level 3. HP: 19/19 MP: 4/9
  1354 | D:2      | Killed from afar by an orc priest

Illustrated notes

Levels and vault maps discovered:
D:1:      lightli_arrival_statue_moat, layout_loops_ring,
          basic_ecumenical_altar, dk_noncrumbling_2, minmay_lizard_king
D:2:      layout_basic, serial_shops, shop, st_stairs_10, minmay_octomino_e4,
          uniq_terence

Skill      XL: |  1  2 |
---------------+-------+-----
Stealth        | 3 |  3.0
Dodging        | 3 |  3.0
Conjurations   | 5 |  5.1
Spellcasting   | |  3.0

Action                   || total
-------------------------++-------
 Cast: Magic Dart        ||    33
       Searing Ray       ||     3
